 Dungeon Sprint DCSS version 0.18.1-48-g4cf74bf (webtiles) character file.

219 tyranidshit the Fighter (level 5, -9/52 HPs)
             Began as a Demonspawn Abyssal Knight on Sept 10, 2016.
             Was a High Priest of Lugonu.
             Mangled by a hill giant
             ... wielding a +0 giant club
              (20 damage)
             ... in the Dungeon (Sprint IX: "|||||||||||||||||||||||||||||").
             The game lasted 00:01:37 (160 turns).

tyranidshit the Fighter (Demonspawn Abyssal Knight)  Turns: 160, Time: 00:01:38

Health: -9/52      AC: 11    Str: 14    XL:     5   Next: 64%
Magic:  6/6        EV: 12    Int: 13    God:    Lugonu [*****.]
Gold:   0          SH:  0    Dex: 12    Spells: 0 memorised, 4 levels left

rFire  . . .     SeeInvis .     p - +1 broad axe (venom)
rCold  + . .     Gourm    .     m - +2 ring mail
rNeg   . . .     Faith    .     (no shield)
rPois  .         Spirit   .     (helmet restricted)
rElec  .         Dismiss  .     (no cloak)
rCorr  .         Reflect  .     l - +0 pair of gloves
SustAt .         Harm     .     (no boots)
MR     .....     NoTele   +     (no amulet)
Stlth  +.........               (no ring)
                                o - +2 ring of evasion

@: not resistant to hostile enchantments, very unstealthy
A: antennae 1, rugged brown scales 1, cold resistance 1
a: Bend Space, Banish, Corrupt, Renounce Religion


You were in the Dungeon.
You worshipped Lugonu.
Lugonu was extremely pleased with you.
You were not hungry.

You visited 1 branch

Inventory:

Hand Weapons
 p - a +1 broad axe of venom (weapon)
Armour
 b - a +0 leather armour
 l - a +0 pair of gloves (worn)
 m - a +2 ring mail (worn)
Jewellery
 n - a +3 ring of intelligence
 o - a +2 ring of evasion (left hand)
Wands
 k - a wand of iceblast (7/15)
Scrolls
 h - 3 scrolls of remove curse
 i - 2 scrolls of blinking
 j - 2 scrolls of amnesia
Potions
 d - 5 potions of curing
 e - a potion of invisibility
 f - a potion of heal wounds
 g - 4 potions of magic
Comestibles
 c - a bread ration


   Skills:
 + Level 8.9 Fighting
 - Level 1.7 Axes
 + Level 7.8 Armour
 - Level 0.8 Dodging
 - Level 2.4 Invocations


You had 4 spell levels left.
You didn't know any spells.

Dungeon Overview and Level Annotations

Branches:
Dungeon (1/1)

Altars:
Cheibriados
Dithmenos
Elyvilon
Fedhas
Gozag
Kikubaaqudgha
Makhleb
Nemelex Xobeh
Okawaru
Pakellas
Qazlal
Ru
Sif Muna
Trog
Vehumet
Xom
Yredelemnul
Zin
The Shining One
Beogh
Jiyva
Lugonu


Innate Abilities, Weirdness & Mutations

You have a pair of small antennae on your head.
You are partially covered in rugged brown scales (AC +1, +3% HP).
Your flesh is cold resistant.


Message History

Drink which item? (? for menu, Esc to quit)
You feel much better.
The hill giant hits you but does no damage.
You completely miss the hill giant.
The hill giant is moderately wounded.
The hill giant barely misses you.
You completely miss the hill giant.
The hill giant is moderately wounded.
The hill giant hits you with a giant club!
You hit the hill giant.
The hill giant looks even sicker.
The hill giant is moderately wounded.
You kill the iguana!
Lugonu accepts your kill. The hill giant completely misses you.
You slash the hill giant!
The hill giant is heavily wounded.
The hill giant hits you with a giant club!!
* * * LOW HITPOINT WARNING * * *
The hill giant hits you with a giant club!!
You die... ▓▓▓▓▓▓▓▓▓▓▓▓▓▓▓▓▓▓▓▓▓▓▓▓ _______'..|).[..@CZ5.... ▓▓▓▓▓▓▓▓▓▓▓▓▓▓▓▓▓▓▓▓▓▓▓▓

You could see a hill giant, a quasit and an adder zombie.

Vanquished Creatures
  A sky beast (D)
  A scorpion (D)
  A crimson imp (D)
  An iguana (D)
  An adder zombie (D)
  An ooze (D)
  A dart slug (D)
  A goblin (D)
  A hobgoblin (D)
  A quokka (D)
  A bat (D)
  A giant gecko skeleton (D)
  A giant newt (D)
13 creatures vanquished.

Notes
Turn   | Place    | Note
--------------------------------------------------------------
     0 | D        | tyranidshit the Demonspawn Abyssal Knight began the quest for the Orb.
     0 | D        | Reached XP level 1. HP: 18/18 MP: 2/2
     7 | D        | Reached ** piety under Lugonu
    15 | D        | Reached skill level 4 in Fighting
    21 | D        | Noticed a sky beast
    21 | D        | Noticed a crimson imp
    21 | D        | Noticed a scorpion
    29 | D        | Killed a sky beast
    29 | D        | Reached *** piety under Lugonu
    29 | D        | Reached skill level 7 in Fighting
    29 | D        | Reached skill level 5 in Armour
    29 | D        | Gained mutation: Your flesh is cold resistant. [demonic ancestry]
    29 | D        | Reached XP level 2. HP: 27/31 MP: 3/3
    29 | D        | Reached XP level 3. HP: 32/36 MP: 4/4
    29 | D        | Gained mutation: You have a pair of small antennae on your head. [demonic ancestry]
    29 | D        | Reached XP level 4. HP: 38/43 MP: 5/5
    41 | D        | Reached skill level 8 in Fighting
    41 | D        | Gained mutation: You are partially covered in rugged brown scales (AC +1, +3% HP). [demonic ancestry]
    41 | D        | Reached XP level 5. HP: 19/50 MP: 6/6
    42 | D        | Reached **** piety under Lugonu
    62 | D        | Found a glowing silver altar of Zin.
    62 | D        | Found a glowing golden altar of the Shining One.
    62 | D        | Found an ancient bone altar of Kikubaaqudgha.
    62 | D        | Found a basalt altar of Yredelemnul.
    62 | D        | Found a shimmering altar of Xom.
    62 | D        | Found a radiant altar of Vehumet.
    63 | D        | Found an iron altar of Okawaru.
    64 | D        | Found a burning altar of Makhleb.
    65 | D        | Found a deep blue altar of Sif Muna.
    66 | D        | Found a bloodstained altar of Trog.
    67 | D        | Found a sparkling altar of Nemelex Xobeh.
    68 | D        | Found a white marble altar of Elyvilon.
    69 | D        | Found a roughly hewn altar of Beogh.
    70 | D        | Found a viscous altar of Jiyva.
    71 | D        | Found a corrupted altar of Lugonu.
    72 | D        | Found a blossoming altar of Fedhas.
    73 | D        | Found a snail-covered altar of Cheibriados.
    74 | D        | Found a shadowy altar of Dithmenos.
    75 | D        | Found a stormy altar of Qazlal.
    76 | D        | Found an opulent altar of Gozag.
    77 | D        | Found a sacrificial altar of Ru.
    78 | D        | Found an oddly glowing altar of Pakellas.
   147 | D        | Noticed a hill giant
   159 | D        | Reached ***** piety under Lugonu
   160 | D        | Mangled by a hill giant

Skill      XL: |  1  2  3  4  5 |
---------------+----------------+-----
Armour         | 5 6 7 |  7.8
Fighting       | 7 8 |  8.9
Axes           | |  1.7
Dodging        | |  0.8
Invocations    | |  2.4

Action                   |  1- 3 |  4- 6 || total
-------------------------+-------+-------++-------
Melee: Hand axe          |    17 |    23 ||    40
       Broad axe         |       |    12 ||    12
  Use: Potion            |     2 |     2 ||     4
Armor: Leather armour    |     6 |     6 ||    12
       Ring mail         |       |     2 ||     2
Dodge: Dodged            |     7 |    14 ||    21
